 Dungeon Crawl Stone Soup version 0.25-a0-1133-g93ebf739aa (webtiles) character file.

Game seed: 468949866001312196, levelgen mode: classic

1169 Amnesiac the Archer (level 8, -30/43 HPs)
             Began as a Deep Elf Arcane Marksman on May 21, 2020.
             Killed from afar by an adder (36 damage)
             ... with an exploding inner flame
             ... summoned by the player character
             ... hexed by the player character
             ... on level 6 of the Dungeon.
             The game lasted 00:19:24 (6660 turns).

Amnesiac the Archer (Deep Elf Arcane Marksman)      Turns: 6660, Time: 00:19:24

Health: -30/43     AC:  9    Str:  9    XL:     8   Next: 17%
Magic:  12/13      EV: 12    Int: 19    God:
Gold:   167        SH:  0    Dex: 18    Spells: 3/10 levels left

rFire    . . .     SeeInvis .   b - +0 hunting sling
rCold    + . .     Gourm    .   (no shield)
rNeg     . . .     Faith    .   E - +1 leather armour {rC+}
rPois    .         Spirit   .   t - +1 helmet
rElec    .         Reflect  .   (no cloak)
rCorr    +         Harm     .   K - +2 pair of gloves {Dex+3}
MR       .....                  (no boots)
Stlth    +.........             p - amulet of regeneration
HPRegen  0.54/turn              q - ring of resist corrosion
MPRegen  0.13/turn              (no ring)

@: very slightly contaminated
A: no striking features
a: no special abilities


You were on level 6 of the Dungeon.
You were not hungry.

You visited 2 branches of the dungeon, and saw 7 of its levels.

You collected 301 gold pieces.
You spent 134 gold pieces at shops.

Inventory:

Hand Weapons
 a - a +0 shortbow
 b - a +0 hunting sling (weapon)
 d - a +0 halberd
 w - a +1 dagger of venom
Missiles
 c - 135 stones (quivered)
 e - 51 arrows
 v - a throwing net
 y - 11 boomerangs
 B - 5 atropa-tipped darts
 D - 9 poisoned darts
Armour
 t - a +1 helmet (worn)
 E - a +1 leather armour of cold resistance (worn)
 K - a +2 pair of gloves of dexterity (worn)
Jewellery
 k - an uncursed ring of fire
 p - an amulet of regeneration (around neck)
 q - a ring of resist corrosion (left hand)
Wands
 m - a wand of iceblast (5)
 x - a wand of flame (11)
 C - a wand of acid (2)
Scrolls
 h - a scroll of blinking {!r}
 i - 4 scrolls of remove curse {!r}
 j - 3 scrolls of teleportation {!r}
 n - 4 scrolls of amnesia {!r}
 H - a scroll of enchant armour {!r}
Potions
 g - a potion of stabbing {!q, unknown}
 l - 3 potions of cancellation {!q, unknown}
 s - 3 potions of heal wounds {!q, unknown}
 u - 3 potions of curing {!q}
 A - a potion of flight {!q, unknown}
 F - a potion of might {!q, unknown}
 G - a potion of mutation {!q, unknown}
 I - 2 potions of magic {!q}
 M - a potion of lignification {!q}
Comestibles
 f - 8 rations


   Skills:
 - Level 1.0 Fighting
 * Level 8.7 Bows
 - Level 2.4 Dodging
 - Level 1.5 Spellcasting
 + Level 7.1 Hexes
 - Level 4.0 Evocations


You had 3 spell levels left.
You knew the following spells:

 Your Spells              Type           Power        Failure   Level  Hunger
a - Corona                Hex            ####...      1%          1    ##.....
b - Cause Fear            Hex            ####......   13%         4    #####..
e - Slow                  Hex            ####....     1%          2    ###....

Your spell library contained the following spells:

 Spells                   Type           Power        Failure   Level  Hunger
 Inner Flame              Hex/Fire       ###.....     17%         3    ####...
 Portal Projectile        Hex/Tloc       ###...       17%         3    ####...
 Leda's Liquefaction      Hex/Erth       ###.......   50%         4    #####..


Dungeon Overview and Level Annotations

Branches:
Dungeon (6/15)             Temple (1/1) D:4

Altars:
Ashenzari
Cheibriados
Dithmenos
Elyvilon
Fedhas
Gozag
Hepliaklqana
Kikubaaqudgha
Makhleb
Nemelex Xobeh
Qazlal
Ru
Sif Muna
Trog
Uskayaw
Vehumet
Wu Jian
Xom
Yredelemnul
Zin

Shops:
D:6 [![


Message History

You start removing your armour.
You continue taking off your +0 ring mail. x4
You finish taking off your +0 ring mail.
You start putting on your armour.
You continue putting on your +1 leather armour of cold resistance. x5
You finish putting on your +1 leather armour of cold resistance.
You feel resistant to cold.
Drop what? 39/52 slots (_ for help) (? for menu, Esc to quit)
You drop a +0 ring mail.
Casting: Corona (safe; 1% risk of failure)
Confirm with . or Enter, or press ? or * to list all spells.
Okay, then.
Okay, then.
There is an entrance to Iruovuru's Distillery here.
You see here 3 potions of degeneration {!q}.
You can access your shopping list by pressing '$'.
Really read
h - 2 scrolls labeled YCIECS VACEDIGETO {!r}?
Blink to where?
Press: ? - help, Dir - move target cursor You are very lightly contaminated with residual magic.
As you read the scroll labeled YCIECS VACEDIGETO {!r}, it crumbles to dust.
It was a scroll of blinking {!r}.
Really read
H - 2 scrolls labeled JADWU ZIEKUY {!r}?
As you read the scroll labeled JADWU ZIEKUY {!r}, it crumbles to dust.
It is a scroll of enchant armour.
Your +0 helmet glows green for a moment.
Really read
r - a scroll labeled ZERAOV UMEEJ {!r}?
As you read the scroll labeled ZERAOV UMEEJ {!r}, it crumbles to dust.
You hear a loud clanging noise!
It was a scroll of noise {!r}.
You hear a shout! x3
Really read
J - a scroll labeled WUPSOG OBIPS {!r}?
As you read the scroll labeled WUPSOG OBIPS {!r}, it crumbles to dust.
Wisps of shadow whirl around you...
It was a scroll of summoning {!r}.
Really read
L - a scroll labeled YTZIGEL LUSOLO {!r}?
As you read the scroll labeled YTZIGEL LUSOLO {!r}, it crumbles to dust.
You feel aware of your surroundings.
It was a scroll of magic mapping {!r}.
Really read
N - a scroll labeled WEDIUC NUUS {!r}?
As you read the scroll labeled WEDIUC NUUS {!r}, it crumbles to dust.
The creatures around you are filled with an inner flame!
It was a scroll of immolation {!r}.
You swap places.
You swap places.
You swap places.
An orc comes into view. It is wielding a +0 club.
You swap places.
The orc hits your quokka with a +0 club.
Your quokka explodes!
The fiery explosion engulfs the orc!!
You kill the orc!
Training target 4.0 for Evocations reached!
Your Evocations skill increases to level 4!
The fiery explosion engulfs you!!!
Ouch! That really hurt!
* * * LOW HITPOINT WARNING * * *
Your quokka's corpse dissolves into shadows!
Unknown command.
Unknown command.
You swap places.
Your adder is engulfed in blazing flames.
Your adder explodes!
The fiery explosion engulfs you!!!
Ouch! That really hurt!
You die...

#.......##.##.##.#.#..
#.......##.##.##.#.#..
#.......##.##.##.#.#..
#.......*#............
*,.....,*####........#
***#§§#** ######....
*#§# ###.# #§#
#########.#
#@######oo[....#.#
#.o..o.oo#.∩.#...#
########.......###
#########


You could see a friendly orc priest (summoned, inner flame), a friendly orc
wizard (summoned, inner flame) and 2 friendly orcs.

Vanquished Creatures
  A sky beast (D:5)
  An ogre (D:6)
  2 centaurs
  4 scorpions
  A howler monkey (D:5)
  A crimson imp (D:5)
  2 orc priests
  3 worker ants
  3 orc wizards
  A howler monkey zombie (D:5)
  A mummy (D:5)
  Robin (D:3)
  4 gnolls (D:4)
  10 adders
  2 shadow imps
  2 adder skeletons
  5 dart slugs
  5 worms
  3 leopard geckos
  24 orcs
  2 ball pythons (D:2)
  9 bats
  3 giant cockroaches
  11 goblins
  19 hobgoblins
  6 jackals
  2 quokkas
  7 frilled lizards
  A giant cockroach zombie (D:5)
  10 kobolds
  A leopard gecko zombie (D:5)
  12 rats
159 creatures vanquished.

Notes
Turn   | Place    | Note
-------+----------+-------------------------------------------
     0 | D:1      | Amnesiac the Deep Elf Arcane Marksman began the quest for
                  | the Orb.
     0 | D:1      | Reached XP level 1. HP: 11/11 MP: 5/5
    77 | D:1      | Reached skill level 1 in Fighting
   222 | D:1      | Reached XP level 2. HP: 10/16 MP: 3/6
   226 | D:1      | Learned a level 2 spell: Slow
   248 | D:1      | Reached skill level 3 in Bows
   572 | D:1      | Reached XP level 3. HP: 20/20 MP: 7/7
   760 | D:1      | Reached skill level 4 in Bows
  1277 | D:2      | Reached XP level 4. HP: 21/25 MP: 3/8
  1485 | D:2      | Reached skill level 5 in Bows
  2671 | D:3      | Reached XP level 5. HP: 20/29 MP: 5/9
  2796 | D:3      | Noticed Robin
  2897 | D:4      | Found a staircase to the Ecumenical Temple.
  2902 | D:4      | Noticed a centaur
  2941 | D:4      | Killed a centaur
  2941 | D:4      | Reached skill level 6 in Bows
  2941 | D:4      | Reached skill level 5 in Hexes
  3004 | Temple   | Entered the Ecumenical Temple
  3186 | D:4      | Reached XP level 6. HP: 34/34 MP: 3/10
  3430 | D:4      | Reached skill level 1 in Evocations
  3492 | D:4      | Found an opulent altar of Gozag.
  3938 | D:4      | Reached skill level 7 in Bows
  4362 | D:3      | Killed Robin
  4710 | D:3      | Found a shimmering blue altar of Sif Muna.
  4710 | D:3      | Found a hazy altar of Hepliaklqana.
  4776 | D:3      | Reached XP level 7. HP: 38/38 MP: 7/11
  5052 | D:5      | Entered Level 5 of the Dungeon
  5788 | D:5      | Reached skill level 8 in Bows
  5964 | D:5      | Found a snail-covered altar of Cheibriados.
  6205 | D:5      | Reached XP level 8. HP: 43/43 MP: 8/12
  6306 | D:6      | Found Maeniv's Antique Armour Shop.
  6314 | D:6      | Bought a pair of runed gloves for 120 gold pieces
  6417 | D:6      | Found Sac Jot's Armour Shoppe.
  6468 | D:6      | Found a radiant altar of Vehumet.
  6618 | D:6      | Found Iruovuru's Distillery.
  6622 | D:6      | Bought a potion of degeneration for 14 gold pieces
  6630 | D:6      | Learned a level 4 spell: Cause Fear
  6660 | D:6      | Killed from afar by an adder

Illustrated notes

Levels and vault maps discovered:
D:1:      minmay_arrival_three_doors, layout_loops_corners,
          hangedman_feature_mirror
D:2:      layout_basic
D:3:      layout_basic, gammafunk_temple_overflow_wave, uniq_robin
D:4:      layout_loops_ring, marbit_many_paths, minmay_temple_entry_large_hall,
          first_ration
D:5:      layout_gridville, chei_slow_surprise
D:6:      lemuel_ice_spiral_2, layout_basic, vehumet_altar_wand_db,
          serial_shops, nicolae_shop_stone, shop, shop
Temple:   lightli_temple_of_artemis

Skill      XL: |  1  2  3  4  5  6  7  8 |
---------------+-------------------------+-----
Fighting       | 1 |  1.0
Bows           | 3 4 5 6 7 8 |  8.7
Hexes          | 5 7 |  7.1
Evocations     | 2 3 4 |  4.0
Dodging        | |  2.4
Spellcasting   | |  1.5

Action                   |  1- 3 |  4- 6 |  7- 9 || total
-------------------------+-------+-------+-------++-------
Melee: Unarmed           |       |     5 |       ||     5
       Dagger            |       |       |    55 ||    55
 Fire: Shortbow          |    84 |    61 |    15 ||   160
       Hunting sling     |    37 |   301 |    75 ||   413
Throw: Dart              |       |    32 |     5 ||    37
       Stone             |       |     4 |       ||     4
       Throwing net      |       |     1 |       ||     1
 Cast: Corona            |    29 |    90 |    31 ||   150
       Slow              |     8 |    48 |    26 ||    82
Evoke: Wand              |       |     6 |    10 ||    16
  Use: Scroll            |       |     4 |     7 ||    11
       Potion            |       |     2 |       ||     2
  Eat: Chunk             |     2 |    17 |     9 ||    28
Armor: Robe              |    11 |     3 |       ||    14
       Ring mail         |       |   145 |    40 ||   185
       Skin              |       |     7 |       ||     7
Dodge: Dodged            |    35 |   204 |    71 ||   310

Table legend:
 A = Non-vault XP
 B = Vault XP
 C = Vault XP percentage of total XP
 D = Non-vault monster count
 E = Vault monster count
 F = Vault count percentage of total count
                 A         B        C        D         E       F
            +---------+---------+-------+---------+---------+-------
      Total |    1615 |      55 |   3.3 |     144 |      15 |   9.4
            +---------+---------+-------+---------+---------+-------
        D:1 |      72 |       3 |   4.0 |      31 |       2 |   6.1
        D:2 |      92 |       0 |   0.0 |      28 |       0 |   0.0
        D:3 |     118 |      32 |  21.3 |      30 |      10 |  25.0
        D:4 |     501 |       2 |   0.4 |      29 |       1 |   3.3
        D:5 |     673 |      16 |   2.3 |      21 |       1 |   4.5
        D:6 |     159 |       2 |   1.2 |       5 |       1 |  16.7
            +---------+---------+-------+---------+---------+-------
